 Dungeon Crawl Stone Soup version 0.30.0 (webtiles) character file.

Game seed: 4592490739584959455

1 Pashador the Trooper (level 1, 0/14 HPs)
             Began as a Gargoyle Fighter on July 17, 2023.
             Slain by a goblin
             ... wielding a +1 vampiric dagger
              (3 damage)
             ... on level 1 of the Dungeon.
             The game lasted 00:01:20 (55 turns).

Pashador the Trooper (Gargoyle Fighter)               Turns: 55, Time: 00:01:21

Health: 0/14       AC:  9    Str: 19    XL:     1   Next: 20%
Magic:  1/1        EV:  9    Int:  8    God:
Gold:   0          SH:  4    Dex:  9    Spells: 0/0 levels left

rFire   . . .        a - +0 flail
rCold   . . .        c - +0 buckler
rNeg    + . .        b - +0 scale mail
rPois   ∞            (no helmet)
rElec   +            (no cloak)
rCorr   .            (no gloves)
SInv    .            (no boots)
Will    .....        (no amulet) Stlth
                     (no ring)
HPRegen 0.22/turn    (no ring)
MPRegen 0.07/turn

%: no passive effects
@: no status effects
A: sickness immunity, AC +2, negative energy resistance 1, electricity
resistance, torment resistance 1, petrification resistance
a: no special abilities


You were on level 1 of the Dungeon.
You visited 1 branch of the dungeon, and saw 1 of its levels.

Inventory:

Hand Weapons
 a - a +0 flail (weapon)
Armour
 b - a +0 scale mail (worn)
 c - a +0 buckler (worn)
Scrolls
 e - a scroll of identify {unknown}
Potions
 d - a potion of might


   Skills:
 + Level 3.3 Fighting
 + Level 2.0 Maces & Flails
 + Level 3.3 Armour
 + Level 3.3 Shields


You couldn't memorise any spells.
You didn't know any spells.
Your spell library was empty.

Dungeon Overview and Level Annotations

Branches:
Dungeon (1/15)

Altars:


Innate Abilities, Weirdness & Mutations

You are immune to sickness and miasma.
Your stone body is resilient. (AC +2)
You are immune to poison.
You resist negative energy. (rN+)
You are resistant to electric shocks. (rElec)
You are resistant to unholy torment.
You are immune to petrification.


Message History

The goblin shouts!
You hear a shout!
A goblin comes into view. It is wielding a +0 club.
Found a scroll labelled PEULEE RYSEU.
The goblin shouts!
You hear an angry hiss.
The goblin hits you but does no damage.
You barely miss the goblin. The goblin hits you but does no damage.
You closely miss the goblin.
The goblin hits you but does no damage. x2
You closely miss the goblin. The goblin hits you but does no damage.
You block the goblin's attack.
A kobold comes into view. It is wielding a +0 whip.
The goblin hits you with a +1 vampiric dagger.
A rat comes into view.
The goblin hits you but does no damage.
You closely miss the goblin.
The kobold shouts!
An endoplasm comes into view.
The goblin hits you with a +1 vampiric dagger.
The goblin closely misses you.
You barely miss the goblin. The goblin hits you but does no damage.
You block the goblin's attack.
You hit the goblin.
You kill the goblin!
The goblin hits you but does no damage.
A kobold comes into view. It is wielding a +0 dagger.
The kobold misses you. The goblin hits you but does no damage.
You sock the rat!
You kill the rat!
The goblin hits you with a +1 vampiric dagger.
You block the kobold's attack.
You completely miss the endoplasm.
A giant cockroach comes into view.
The goblin hits you but does no damage.
The endoplasm hits you but does no damage.
The kobold hits you with a +0 whip.
* * * LOW HITPOINT WARNING * * *
A dart slug comes into view.
The kobold attacks as you move away! The kobold closely misses you.
The goblin attacks as you move away!
The goblin hits you with a +1 vampiric dagger.
You die...

#...#..<..#...#
#.#.#.....#.#.#
#.#.#######.#.#
#.#.........#.#
#.###########.#
#.............#
#.#######'#######.#
#..?..............#
#####@########.####
......JKg...?.. ..
..K....#####... ...
.###.#. ..# #B## ##
. . .w


You could see a dart slug (wandering), an endoplasm, a giant cockroach
(wandering), a goblin and 2 kobolds.

Vanquished Creatures
  A goblin (D:1)
  A rat (D:1)
2 creatures vanquished.

Notes
Turn   | Place    | Note
-------+----------+-------------------------------------------
     0 | D:1      | Pashador the Gargoyle Fighter began the quest for the Orb.
     0 | D:1      | Reached XP level 1. HP: 14/14 MP: 1/1
    55 | D:1      | Slain by a goblin

Illustrated notes

Levels and vault maps discovered:
D:1:      matt_arrival_refuge, layout_rooms, serial_shops,
          nicolae_shop_just_a_little_nook

Action                     || total
---------------------------++-------
  Melee: Flail             ||     8
 Armour: Scale mail        ||    11
  Dodge: Dodged            ||     3
  Block: Buckler           ||     3
